← All builds
Beach sea / Cortex / Economy first / OBSERVED BUILD

Standard beach sea

Cortex Beach sea build order · Supreme Isthmus

The role's usual play: com goes to sea to build a shipyard around 2 minutes, pumping frigates and destroyers to contest enemy sea entry or hold vision, with an advanced metal extractor around 10 minutes as the transition into the team's…

Usually shipyard first (93%)

#naval #eco · 1603 distinct matches · 207 players · 84% of Cortex Beach sea games · team won 55% of 1807 · Recently observed

HOW TO PLAY IT

Key timing: Shipyard by 1:56

  1. Open 3 mex, then send com to sea to build Shipyard by 1:56.
  2. Add tidal generators, wind and more mex to fund the shipyard.
  3. Pump Riptide first, then Oppressor to contest enemy sea entry.
  4. Get T2 constructor out to start scaling the naval economy.
  5. Transition into Advanced Metal Extractor as the economy phase begins.

Phase by phase

TYPICAL OF ITS 1603 GAMES
  1. 1
  2. 2
  3. 3
PLAY THE OPENING

Follow the example game's first 6:00 step by step: what to build now, what comes next, and where it goes. At 1× it keeps pace with your own game.

  1. 1

    Up to the Shipyard

    Economy
    • Metal Extractor3Mex
    • Wind Turbine3Windfor allies
    • Wind Turbine2Wind
    • Energy Storage1Energy storage
    Order
    1. ShipyardShipyard after 3 mex, 2 wind, 1 energy storagedone ~1:56, middle half 1:43–2:07

    Some games also: Guard (30%)

    By 1:39 in all: 3 mex · 2 wind · 1 energy storage

    The example game in this phase · 7 steps
    1. Mex
    2. Wind ×2for Air
    3. Mex
    4. Wind ×2
    5. Mex
    6. GuardGuard
    7. ShipyardShipyarddone 1:47 · typical 1:56
  2. 2

    Shipyard to 5:00

    Economy
    • Metal Extractor5Mex
    • Tidal Generator2Tidal
    Builders
    • Construction Ship2 Con ship
    Army
    • Riptide2 Frigate
    • Herring1 Missile corvette
    • Oppressor1 Destroyer
    Other
    • Naval Radar / Sonar Tower1 Naval Radar / Sonar Tower

    Some games also: Urchin (46%) · mex (38%) · wind (37%) · submarine (36%) · wind (36%)

    By 5:00 in all: 8 mex · 3 wind · 2 tidal · 1 energy storage

    The example game in this phase · 12 steps
    1. Tidal
    2. RiptideFrigatedone 2:27 · typical 3:50
    3. Tidal
    4. HerringMissile corvette
    5. RiptideFrigate ×2
    6. Death CavalryDeath Cavalry
    7. Mex
    8. Construction ShipCon ship
    9. RiptideFrigate
    10. Mex
    11. HerringMissile corvette
    12. OppressorDestroyerdone 5:23 · typical 5:15
  3. 3

    5:00 to 10:00

    Economy
    • Metal Extractor1Mex
    • Wind Turbine8Wind
    Builders
    • Construction Ship1 Con ship
    • Death Cavalry1 Death Cavalry
    Army
    • Urchin1 Urchin
    • Riptide5 Frigate
    • Oppressor2 Destroyer
    • Herring2 Missile corvette
    Other
    • Naval Radar / Sonar Tower1 Naval Radar / Sonar Tower

    Some games also: Naval Construction Turret (49%) · Guard (47%) · Radar Tower (40%) · tidal (39%) · wind (34%)

    By 10:00 in all: 9 mex · 10 wind · 4 wind · 4 tidal · 1 energy storage · 1 Naval Construction Turret

    The example game in this phase · 62 steps
    1. RiptideFrigate
    2. Mex
    3. RiptideFrigate
    4. Mex
    5. Naval Radar / Sonar TowerNaval Radar / Sonar Tower ×2
    6. HerringMissile corvette
    7. Construction ShipCon ship
    8. Naval Radar / Sonar TowerNaval Radar / Sonar Tower
    9. Death CavalryDeath Cavalry
    10. OppressorDestroyer
    11. Naval Radar / Sonar TowerNaval Radar / Sonar Tower
    12. OppressorDestroyer
    13. Death CavalryDeath Cavalry
    14. Construction ShipCon ship ×2
    15. RiptideFrigate
    16. Tidal
    17. Mex
    18. Tidal
    19. RiptideFrigate
    20. Naval Radar / Sonar TowerNaval Radar / Sonar Tower
    21. Tidal
    22. RiptideFrigate
    23. SupporterGunboat
    24. Tidal
    25. SupporterGunboat ×4
    26. Naval Construction Turret
    27. SupporterGunboat
    28. Advanced Metal ExtractorT2 mexdone 11:04 · typical 9:59
    29. SupporterGunboat
    30. HerringMissile corvette ×4
    31. RiptideFrigate
    32. Death CavalryDeath Cavalry
    33. Tidal
    34. Naval Construction Turret
    35. Tidal
    36. Advanced Metal ExtractorT2 mex
    37. Tidal
    38. Naval Radar / Sonar TowerNaval Radar / Sonar Tower
    39. Tidal ×2
    40. GuardGuard
    41. RiptideFrigate
    42. Tidal ×3
    43. RiptideFrigate
    44. Tidal ×2
    45. Death CavalryDeath Cavalry
    46. Naval Radar / Sonar TowerNaval Radar / Sonar Tower
    47. Tidal ×3
    48. Death CavalryDeath Cavalry
    49. Advanced Metal ExtractorT2 mex
    50. Tidal ×2
    51. Death CavalryDeath Cavalry
    52. Tidal ×2
    53. Death CavalryDeath Cavalry
    54. Naval Radar / Sonar TowerNaval Radar / Sonar Tower
    55. RiptideFrigate ×3
    56. Advanced Metal ExtractorT2 mex
    57. RiptideFrigate
    58. UrchinUrchin
    59. RiptideFrigate ×2
    60. UrchinUrchin
    61. RiptideFrigate ×2
    62. UrchinUrchin

Counts are medians over the build's games: half of them build more, half fewer. The example game is Dread29's (34 OS, 07/10/2026); pick another.

Team trades

IN AT LEAST 30% OF ITS GAMES

You hand over

  • Wind Turbine3 Wind to Airfirst at 1:45 · in 77% of games

You get

  • Finch1 Finch from Airfirst at 2:00 · in 80% of games
  • Lazarus1 Lazarus from Geofirst at 2:13 · in 63% of games
  • Hephaestus1 Heavy transport from Airfirst at 2:16 · in 65% of games
  • Construction Bot1 Con bot from Geofirst at 2:26 · in 70% of games
  • Hercules1 Light transport from Airfirst at 2:34 · in 32% of games
  • Advanced Construction Bot1 T2 con bot from Techfirst at 8:08 · in 89% of games

How it plays out

Typical game of this build, running totals by minute

Metal produced

010k20k30k
0:005:0010:0015:00

metal

Enemy metal destroyed

05k10k
0:005:0010:0015:00

metal

Own metal lost

02.5k5k7.5k
0:005:0010:0015:00

metal

1807 games.

Show as table
ByMetal produced: This buildEnemy metal destroyed: This buildOwn metal lost: This build
1:0040300
2:0093700
3:00155300
4:002539051
5:003717175101
6:005049484279
7:006492975591
8:00807316651000
9:00967926141532
10:001153637242320
11:001368447423102
12:001625058323861
13:001895168794645
14:002168079335680
15:002458688866524
WHAT THE NUMBERS SAY

Standard Beach sea play has the lowest team win rate of these builds and destroys far less enemy metal early than it loses eco time.

  • + Metal produced climbs to 24945 by 15:00, the highest of all six roles.
  • + Riptide and Oppressor together make 63% of army, a focused naval composition.
  • − Enemy metal destroyed is only 200 by 5:00, barely contesting early sea.
  • − T2 factory only reached in 35% of games, behind other roles' T2 timing.
THE EXAMPLE YOU ARE READING

Dread29

33.6 OS · 07/10/2026

Open source match ↗

5 received units · includes a constructor
5 metal received · 10536 energy received

Allied construction assistance is unknown. Timings are observations, not a promise of solo reproducibility.

Typical milestones

Shipyard1:56Middle 50%: 1:43–2:07 · n=1804
Riptide3:50Middle 50%: 3:12–4:34 · n=1761
Oppressor5:15Middle 50%: 4:29–6:07 · n=1740
Advanced Metal Extractor9:59Middle 50%: 9:17–10:54 · n=1528

Played most by

EpicTyrannus120games of this buildDamsko69games of this buildKbot_my_Ahole67games of this buildfanboi64games of this buildSHOGVN64games of this build
Standard beach sea · Cortex Beach sea build order · BAR Build Atlas